 Dungeon Sprint DCSS version 0.22-a0-406-g9ff8d77 (webtiles) character file.

30687 Borgoz the Executioner (level 13, -7/144 HPs)
             Began as a Deep Dwarf Berserker on May 8, 2018.
             Was the Champion of Trog.
             Mangled by a shock serpent (12 damage)
             ... in the Dungeon (Sprint IX: "|||||||||||||||||||||||||||||").
             The game lasted 00:13:48 (2216 turns).

Borgoz the Executioner (Deep Dwarf Berserker)       Turns: 2216, Time: 00:13:50

Health: -7/144     AC: 35    Str: 25    XL:     13   Next: 21%
Magic:  4/4        EV: 15    Int:  8    God:    Trog [******]
Gold:   590        SH:  3    Dex: 19    Spells: 12/12 levels left

rFire    . . .     SeeInvis .   y - +10 great sword of the Pill Bug {antimagic, rC+}
rCold    + . .     Gourm    .   (shield currently unavailable)
rNeg     . . .     Faith    .   C - +8 plate armour of Yskaba {+Inv}
rPois    .         Spirit   .   x - +0 helmet
rElec    .         Reflect  +   D - +2 cloak {MR+}
rCorr    .         Harm     .   H - +1 pair of gloves
MR       ++++.     NoTele   +   a - +0 pair of boots
Stlth    ..........             p - +3 amulet of reflection
HPRegen  1.00/turn              r - +3 ring of strength
MPRegen  0.09/turn              q - +3 ring of dexterity

@: lethally poisoned (-7 -> -7), berserk cooldown, non-regenerating, slowed,
very slow
A: damage resistance, heal wounds, sense surroundings 2, no regeneration
a: Heal Wounds, Berserk, Trog's Hand, Brothers in Arms, Renounce Religion, Evoke
Invisibility


You were in the Dungeon.
You worshipped Trog.
Trog was exalted by your worship.
You were very hungry.

You visited 1 branch You collected 1929 gold pieces.
You spent 1339 gold pieces at shops.

Inventory:

Hand Weapons
 n - the +14 obsidian axe {chop, +Fly SInv *Curse}
   (You found it in the Dungeon)

   It inflicts extra damage upon your enemies.
   It lets you see invisible.
   It lets you fly.
   It curses itself when equipped.
 y - the +10 great sword of the Pill Bug (weapon) {antimagic, rC+}
   (Trog gifted it to you in the Dungeon)

   It reduces the magical energy of the wielder, and disrupts the spells and
   magical abilities of those hit.
   Natural abilities and divine invocations are not affected.
   It protects you from cold.
 A - the +5 broad axe of Amoqumeot {chop, Str+3}
   (Trog gifted it to you in the Dungeon)

   It inflicts extra damage upon your enemies.
   It affects your strength (+3).
Missiles
 z - 2 throwing nets (quivered)
Armour
 a - a +0 pair of boots (worn)
 b - the +2 leather armour "Peuntune" {-Cast rPois rN+++ Str+2}
   (You found it in the Dungeon)

   It affects your strength (+2).
   It protects you from poison.
   It renders you almost immune to negative energy.
   It prevents spellcasting.
 x - a +0 helmet (worn)
 C - the +8 plate armour of Yskaba (worn) {+Inv}
   (You bought it in a shop in the Dungeon)

   It lets you turn invisible.
 D - a +2 cloak of magic resistance (worn)
 F - +0 acid dragon scales
 G - +1 fire dragon scales
 H - a +1 pair of gloves (worn)
Jewellery
 p - a +3 amulet of reflection (around neck)
 q - a +3 ring of dexterity (right hand)
 r - a +3 ring of strength (left hand)
 w - an uncursed ring of flight
 B - an uncursed ring of see invisible
 E - an uncursed ring of fire
Wands
 m - a wand of acid (10)
Scrolls
 i - 3 scrolls of blinking
 l - 4 scrolls of remove curse
 o - a scroll of fog
 t - 6 scrolls of enchant armour
 u - 2 scrolls of identify
 v - 2 scrolls of fear
Potions
 d - 5 potions of curing
 e - 7 potions of heal wounds
 f - 4 potions of haste
 g - 4 potions of magic
 h - a potion of berserk rage
 j - a potion of agility
 k - a potion of invisibility
 s - a potion of brilliance
Comestibles
 c - 9 rations
 I - 9 chunks of flesh


   Skills:
 + Level 17.3 Fighting
 * Level 7.3 Long Blades
 - Level 22.4 Axes
 + Level 16.1 Armour
 + Level 11.6 Dodging
 - Level 4.2 Stealth


You had 12 spell levels left.
You didn't know any spells.

Dungeon Overview and Level Annotations

Branches:
Dungeon (1/1)

Altars:
Cheibriados
Dithmenos
Elyvilon
Fedhas
Gozag
Hepliaklqana
Kikubaaqudgha
Makhleb
Nemelex Xobeh
Okawaru
Qazlal
Ru
Sif Muna
Trog
Uskayaw
Vehumet
Wu Jian
Xom
Yredelemnul
Zin
The Shining One
Beogh
Jiyva
Lugonu

Shops:
D *[}?


Innate Abilities, Weirdness & Mutations

You are resistant to damage.
You can heal yourself by infusing magical energy.
You passively map the area around you.
You do not regenerate.


Message History

You kill the guardian serpent!
Trog accepts your kill.
Trog appreciates your killing of a magic user.
You are too berserk!
There is an open door to the Snake Pit, spattered with blood here.
Items here: [ ††† a robe; a guardian serpent corpse; a black mamba corpse; a shock serpent corpse You slice the naga sharpshooter!!
The naga sharpshooter's magic leaks into the air.
The naga sharpshooter is moderately wounded.
The shock serpent closely misses you.
The naga sharpshooter falters for a moment.
You slice the naga sharpshooter!!
The naga sharpshooter's magic leaks into the air.
The naga sharpshooter is severely wounded.
You are no longer berserk.
You are exhausted.
You feel yourself slow down. The shock serpent bites you.
The shock serpent shocks you!
You die...

_▓.▓.▓.▓)▓.▓)▓.▓(▓ *+*
* _▓.▓.▓.▓)▓.▓)▓.▓.▓
_▓.▓.▓.▓)▓.▓)▓.▓.▓ * ,
_▓.▓)▓.▓.▓)▓)▓.▓.▓, ,
_▓.▓†▓.▓.▓.▓)▓.▓.▓,*,*
* _▓.▓.▓.▓.▓.▓)▓.▓.▓
,* _▓.▓†▓.▓.▓.▓.▓.▓)▓
, *
_▓.▓.▓.▓.▓.▓[▓.▓S▓, *
* _▓.▓.▓.▓.▓.▓.▓.▓@▓,
* * ,
_▓.▓.▓.▓)▓.▓[▓.▓N▓ , ,
,* _▓.▓.▓.▓)▓.▓.▓.▓N▓
, * _▓.▓.▓.▓)▓.▓.▓.▓.▓
, , *
_▓.▓.▓.▓)▓.▓.▓.▓.▓ * ,
*, _▓.▓)▓.▓)▓.▓[▓.▓.▓
* , _▓.▓)▓.▓)▓.▓[▓.▓(▓
*, ,*
_▓.▓.▓.▓.▓.▓[▓.▓.▓ *,*
_▓.▓%▓)▓.▓.▓.▓.▓ , , *


You could see a naga sharpshooter, a salamander and a shock serpent.

Vanquished Creatures
  A nagaraja (D)
  Aizul (D)
  A very ugly thing (D)
  A stone giant (D)
  Azrael (D)
  A merfolk javelineer (D)
  An ogre mage (D)
  A fire dragon (D)
  Josephine (D)
  A rakshasa (D)
  A hydra (D)
  7 two-headed ogres (D)
  2 satyrs (D)
  An orc high priest (D)
  A hell knight (D)
  2 shock serpents (D)
  An unseen horror (D)
  A sea snake (D)
  3 orc knights (D)
  A cyclops (D)
  A manticore (D)
  A guardian serpent (D)
  Psyche (D)
  A black mamba (D)
  A water nymph (D)
  A merfolk siren (D)
  2 spiny frogs (D)
  A yaktaur (D)
  A rime drake (D)
  A troll (D)
  A polar bear (D)
  A wind drake (D)
  2 tyrant leeches (D)
  A blink frog (D)
  A hippogriff (D)
  A shadow (D)
  3 wraiths (D)
  3 fire elementals (D)
  A wyvern (D)
  A yak (D)
  Grum (D)
  A hungry ghost (D)
  2 vampire mosquitoes (D)
  A naga (D)
  A hell hound (D)
  2 water moccasins (D)
  A porcupine (D)
  11 orc warriors (D)
  2 eyes of draining (D)
  3 wolves (D)
  5 ogres (D)
  3 centaurs (D)
  2 crocodiles (D)
  2 bullfrogs (D)
  2 scorpions (D)
  3 orc priests (D)
  2 orc wizards (D)
  An iguana (D)
  An adder zombie (D)
  An adder skeleton (D)
  5 orcs (D)
  A bat skeleton (D)
  3 bat zombies (D)
  A giant cockroach (D)
  A bat (D)
  2 frilled lizards (D)
  A kobold (D)
  A leopard gecko skeleton (D)
  A leopard gecko zombie (D)
119 creatures vanquished.

Vanquished Creatures (collateral kills)
  Harold (D)
  A rakshasa (D)
  A rime drake (D)
  A polar bear (D)
  A yak (D)
  A water moccasin (D)
  2 porcupines (D)
  A crocodile (D)
  A bullfrog (D)
  2 orc wizards (D)
  An orc (D)
13 creatures vanquished.

Grand Total: 132 creatures vanquished

Notes
Turn   | Place    | Note
-------+----------+-------------------------------------------
     0 | D        | Borgoz the Deep Dwarf Berserker began the quest for the Orb.
     0 | D        | Reached XP level 1. HP: 20/20 MP: 1/1
     8 | D        | Reached ** piety under Trog
    18 | D        | Reached skill level 4 in Axes
    30 | D        | Noticed a water moccasin
    30 | D        | Noticed a scorpion
    45 | D        | Reached *** piety under Trog
    45 | D        | Reached XP level 2. HP: 21/28 MP: 2/2
    59 | D        | Killed a water moccasin
    59 | D        | Reached skill level 5 in Fighting
    59 | D        | Reached skill level 7 in Axes
    59 | D        | Reached XP level 3. HP: 15/40 MP: 3/3
    59 | D        | Reached XP level 4. HP: 18/48 MP: 4/4
    64 | D        | Reached skill level 8 in Axes
    64 | D        | Reached XP level 5. HP: 21/56 MP: 5/5
    75 | D        | Found a roughly hewn altar of Beogh.
    75 | D        | Found a snail-covered altar of Cheibriados.
    75 | D        | Found a shadowy altar of Dithmenos.
    75 | D        | Found a white marble altar of Elyvilon.
    75 | D        | Found a blossoming altar of Fedhas.
    75 | D        | Found an opulent altar of Gozag.
    76 | D        | Found a hazy altar of Hepliaklqana.
    77 | D        | Found a viscous altar of Jiyva.
    78 | D        | Found an ancient bone altar of Kikubaaqudgha.
    79 | D        | Found a corrupted altar of Lugonu.
    80 | D        | Found a burning altar of Makhleb.
    81 | D        | Found a sparkling altar of Nemelex Xobeh.
    82 | D        | Found an iron altar of Okawaru.
    83 | D        | Found a stormy altar of Qazlal.
    84 | D        | Found a sacrificial altar of Ru.
    85 | D        | Found a deep blue altar of Sif Muna.
    86 | D        | Found a bloodstained altar of Trog.
    87 | D        | Found a hide-covered altar of Uskayaw.
    88 | D        | Found a radiant altar of Vehumet.
    89 | D        | Found an ornate altar of the Wu Jian Council.
    90 | D        | Found a shimmering altar of Xom.
    91 | D        | Found a basalt altar of Yredelemnul.
    92 | D        | Found a glowing silver altar of Zin.
    93 | D        | Found a glowing golden altar of the Shining One.
   110 | D        | Found the +14 obsidian axe {chop, +Fly SInv *Curse}
   213 | D        | Noticed a centaur
   213 | D        | Noticed a troll
   217 | D        | Killed a centaur
   217 | D        | Reached **** piety under Trog
   217 | D        | Reached skill level 9 in Axes
   217 | D        | Reached skill level 5 in Dodging
   221 | D        | Reached skill level 1 in Stealth
   221 | D        | Reached XP level 6. HP: 59/66 MP: 6/6
   227 | D        | Killed a troll
   227 | D        | Reached skill level 10 in Axes
   227 | D        | Reached skill level 5 in Armour
   229 | D        | Reached ***** piety under Trog
   229 | D        | Reached skill level 11 in Axes
   229 | D        | Reached XP level 7. HP: 30/75 MP: 7/7
   259 | D        | Noticed an unseen horror
   259 | D        | Noticed a wyvern
   266 | D        | Killed an unseen horror
   266 | D        | Received a gift from Trog
   266 | D        | Reached skill level 12 in Axes
   270 | D        | Killed a wyvern
   270 | D        | Reached XP level 8. HP: 45/86 MP: 8/8
   350 | D        | Noticed Grum
   352 | D        | Reached skill level 10 in Fighting
   354 | D        | Reached skill level 13 in Axes
   360 | D        | Killed Grum
   554 | D        | Noticed a six-headed hydra
   554 | D        | Noticed a rime drake
   558 | D        | Noticed a polar bear
   561 | D        | Killed an 11-headed hydra
   561 | D        | Received a gift from Trog
   561 | D        | Reached skill level 14 in Axes
   561 | D        | Gained mutation: You passively map the area around you. [Deep Dwarf growth]
   561 | D        | Reached XP level 9. HP: 17/94 MP: 9/9
   573 | D        | Killed a rime drake
   574 | D        | Reached skill level 15 in Axes
   580 | D        | Killed a polar bear
   676 | D        | Noticed a polar bear
   676 | D        | Noticed a rime drake
   678 | D        | Received a gift from Trog
   686 | D        | Killed a polar bear
   686 | D        | Reached skill level 10 in Armour
   697 | D        | Killed a rime drake
   701 | D        | Received a gift from Trog
   716 | D        | Reached skill level 16 in Axes
   716 | D        | Reached XP level 10. HP: 106/106 MP: 10/10
   726 | D        | Noticed a spiny frog
   729 | D        | Noticed a spiny frog
   741 | D        | Reached ****** piety under Trog
   747 | D        | Killed a spiny frog
   747 | D        | Received a gift from Trog
   751 | D        | Killed a spiny frog
   843 | D        | Noticed Harold
   858 | D        | Killed Harold
   858 | D        | Received a gift from Trog
   858 | D        | Reached skill level 17 in Axes
   866 | D        | Got a dazzling broad axe {god gift}
   897 | D        | Identified the +5 broad axe of Amoqumeot {chop, Str+3} (Trog gifted it to you in the Dungeon)
   950 | D        | Noticed an orc knight
   959 | D        | Received a gift from Trog
   960 | D        | Noticed an orc knight
   969 | D        | Killed an orc knight
   976 | D        | Killed an orc knight
   976 | D        | Reached skill level 18 in Axes
   981 | D        | Received a gift from Trog
  1095 | D        | Noticed an orc knight
  1099 | D        | Noticed an orc high priest
  1104 | D        | Noticed a soul eater
  1106 | D        | Killed an orc knight
  1106 | D        | Reached XP level 11. HP: 108/117 MP: 11/11
  1126 | D        | Killed an orc high priest
  1131 | D        | Received a gift from Trog
  1272 | D        | Found Vekusap's Assorted Antiques.
  1272 | D        | Noticed a two-headed ogre
  1272 | D        | Noticed a two-headed ogre
  1272 | D        | Noticed an ogre mage
  1273 | D        | Noticed a two-headed ogre
  1278 | D        | Killed a two-headed ogre
  1278 | D        | Reached skill level 19 in Axes
  1279 | D        | Found Qiogesew's Antique Armour Shoppe.
  1280 | D        | Noticed a two-headed ogre
  1282 | D        | Killed a two-headed ogre
  1285 | D        | Killed an ogre mage
  1289 | D        | Killed a two-headed ogre
  1293 | D        | Killed a two-headed ogre
  1293 | D        | Reached skill level 20 in Axes
  1295 | D        | Received a gift from Trog
  1296 | D        | Found Saol's Gadget Emporium.
  1313 | D        | Found Jodup's Magic Scroll Shoppe.
  1315 | D        | Noticed a two-headed ogre
  1316 | D        | Noticed a two-headed ogre
  1317 | D        | Noticed a two-headed ogre
  1320 | D        | Killed a two-headed ogre
  1320 | D        | Reached skill level 10 in Dodging
  1325 | D        | Killed a two-headed ogre
  1327 | D        | Killed a two-headed ogre
  1357 | D        | Bought a dented jade amulet for 100 gold pieces
  1357 | D        | Bought a potion of heal wounds for 100 gold pieces
  1357 | D        | Bought a scroll of enchant armour for 150 gold pieces
  1359 | D        | Bought an ichor-stained plate armour for 672 gold pieces
  1359 | D        | Bought an embroidered cloak for 180 gold pieces
  1363 | D        | Bought a scroll of enchant armour for 82 gold pieces
  1363 | D        | Bought a scroll of identify for 22 gold pieces
  1363 | D        | Bought a scroll of remove curse for 33 gold pieces
  1385 | D        | Identified the +8 plate armour of Yskaba {+Inv} (You bought it in a shop in the Dungeon)
  1425 | D        | Noticed Josephine
  1428 | D        | Received a gift from Trog
  1432 | D        | Killed Josephine
  1432 | D        | Reached skill level 15 in Fighting
  1432 | D        | Reached XP level 12. HP: 105/130 MP: 12/12
  1472 | D        | Noticed Psyche
  1477 | D        | Killed Psyche
  1530 | D        | Got the +2 leather armour "Peuntune" {-Cast rPois rN+++ Str+2}
  1571 | D        | Received a gift from Trog
  1571 | D        | Reached skill level 21 in Axes
  1582 | D        | Noticed a stone giant
  1583 | D        | Noticed a rakshasa
  1590 | D        | Noticed a rakshasa
  1592 | D        | Noticed a fire dragon
  1593 | D        | Noticed a purple very ugly thing
  1597 | D        | Killed a stone giant
  1603 | D        | Received a gift from Trog
  1609 | D        | Killed a rakshasa
  1615 | D        | Killed a purple very ugly thing
  1631 | D        | Killed a fire dragon
  1637 | D        | Killed a rakshasa
  1774 | D        | Noticed Azrael
  1777 | D        | Received a gift from Trog
  1785 | D        | Killed Azrael
  1785 | D        | Reached skill level 22 in Axes
  1796 | D        | Got a polished great sword {god gift}
  1797 | D        | Identified the +10 great sword of the Pill Bug {antimagic, rC+} (Trog gifted it to you in the Dungeon)
  1865 | D        | Noticed Aizul
  1876 | D        | Killed Aizul
  1876 | D        | Reached skill level 15 in Armour
  1957 | D        | Noticed a satyr
  1957 | D        | Noticed a satyr
  1961 | D        | Received a gift from Trog
  1971 | D        | Killed a satyr
  1975 | D        | Noticed a merfolk javelineer
  2006 | D        | Killed a satyr
  2012 | D        | Received a gift from Trog
  2038 | D        | Received a gift from Trog
  2038 | D        | Reached XP level 13. HP: 73/144 MP: 4/13
  2049 | D        | Killed a merfolk javelineer
  2049 | D        | Reached skill level 5 in Long Blades
  2173 | D        | Noticed a nagaraja
  2197 | D        | Killed a nagaraja
  2197 | D        | Received a gift from Trog
  2211 | D        | HP: 3/216 [shock serpent/electric aura (12)]
  2216 | D        | Mangled by a shock serpent

Vault maps used:
D:        linesprint

Skill      XL: |  1  2  3  4  5  6  7  8  9 10 11 12 13 |
---------------+----------------------------------------+-----
Fighting       | 3 5 6 7 8 9 10 11 13 15 17 | 17.3
Axes           | 4 7 8 9 11 12 14 16 18 20 22 | 22.4
Armour         | 3 4 5 6 8 10 12 13 15 16 | 16.1
Dodging        | 4 5 6 7 8 9 10 11 | 11.6
Stealth        | 1 2 3 4 |  4.2
Long Blades    | 4 7 |  7.3

Action                   |  1- 3 |  4- 6 |  7- 9 | 10-12 | 13-15 || total
-------------------------+-------+-------+-------+-------+-------++-------
Melee: Hand axe          |    41 |     4 |       |       |       ||    45
       Broad axe         |       |    15 |    49 |   230 |       ||   294
       Great sword       |       |       |       |    34 |    47 ||    81
Invok: Berserk           |     1 |       |     1 |     3 |     1 ||     6
       Trog's Hand       |       |     2 |     9 |    16 |     5 ||    32
 Abil: Heal Wounds       |       |       |       |     1 |       ||     1
  Use: Scroll            |       |       |       |     5 |       ||     5
       Potion            |       |       |       |       |     2 ||     2
 Stab: Distracted        |       |       |       |     1 |       ||     1
  Eat: Chunk             |       |       |     5 |    11 |     1 ||    17
       Ration            |       |       |       |     2 |       ||     2
Armor: Animal skin       |     5 |       |       |       |       ||     5
       Chain mail        |       |     9 |    31 |     8 |       ||    48
       Plate armour      |       |       |       |    76 |    47 ||   123
Dodge: Dodged            |    32 |     9 |    47 |   116 |    38 ||   242
Block: Other             |       |       |       |    11 |    12 ||    23
       Reflection        |       |       |       |     2 |     2 ||     4
       Rpst.: Great sword |       |       |       |     4 |    13 ||    17

Table legend:
 A = Spawn XP
 B = Non-spawn XP
 C = Spawn XP percentage of total XP
 D = Spawn monster count
 E = Non-spawn monster count
 F = Spawn count percentage of total count
 G = Total turns spent on level
                    A         B        C        D         E        F      G
               +---------+---------+-------+---------+---------+-------+---------
         Total |       0 |   43839 |   0.0 |       0 |     132 |   0.0 |  2216
               +---------+---------+-------+---------+---------+-------+---------
             D |       0 |   43839 |   0.0 |       0 |     132 |   0.0 |  2216
               +---------+---------+-------+---------+---------+-------+---------
